 Dungeon Crawl Stone Soup version 0.30-a0-956-gcec3b41aec (webtiles) character file.

Game seed: 10793803477557900889

1623 BlueFish the Sneak (level 8, -6/54 HPs)
             Began as an Octopode Warper on Mar 30, 2023.
             Mangled by a wight
             ... wielding a +4 morningstar
              (13 damage)
             ... on level 5 of the Dungeon.
             The game lasted 00:07:59 (3380 turns).

BlueFish the Sneak (Octopode Warper)                Turns: 3380, Time: 00:08:00

Health: -6/54      AC:  1    Str: 13    XL:     8   Next: 97%
Magic:  13/13      EV: 14    Int: 15    God:
Gold:   294        SH:  0    Dex: 11    Spells: 7/14 levels left

rFire   + + .      SeeInvis .    j - +10 mace "Wigiohen" {spect, rF++}
rCold   . . .      Faith    .    (no shield)
rNeg    . . .      Spirit   .    (helmet restricted)
rPois   +          Reflect  .    d - amulet of regeneration
rElec   .          Rampage  .    k - ring of poison resistance
rCorr   .                        (no ring)
Will    .....                    (no ring)
Stlth   ++++                     (no ring)
HPRegen 1.09/turn                (no ring)
MPRegen 0.13/turn                (no ring)
                                 (no ring)
                                 (no ring)

@: no status effects
A: almost no armour, amphibious, 8 rings, camouflage 1, gelatinous body 1,
(nimble swimmer 1), tentacles
a: no special abilities


You were on level 5 of the Dungeon.
You visited 2 branches of the dungeon, and saw 6 of its levels.

You collected 294 gold pieces.

Inventory:

Hand Weapons
 e - a +0 whip
 j - the +10 mace "Wigiohen" (weapon) {spect, rF++}
   (You found it on level 2 of the Dungeon)

   rF:        It greatly protects you from fire.
Missiles
 b - 7 boomerangs of dispersal
 f - 52 stones (quivered)
 q - 13 poisoned darts
 v - 2 javelins
 x - 3 boomerangs
Jewellery
 d - an amulet of regeneration (around mantle)
 k - a ring of poison resistance (left tentacle)
Wands
 t - a wand of acid (7)
Scrolls
 a - 2 scrolls of blinking
 c - a scroll of noise {unknown}
 h - 7 scrolls of identify {unknown}
 i - 2 scrolls of vulnerability {unknown}
 m - a scroll of fog {unknown}
 o - 4 scrolls of enchant armour {unknown}
 w - 3 scrolls of poison {unknown}
 y - a scroll of magic mapping {unknown}
Potions
 g - a potion of haste {unknown}
 l - 4 potions of curing {unknown}
 n - a potion of magic {unknown}
 p - a potion of attraction {unknown}
 r - a potion of degeneration {unknown}
 s - a potion of might {unknown}
 u - a potion of mutation {unknown}
 z - a potion of cancellation {unknown}


   Skills:
 + Level 4.1 Fighting
 * Level 4.6 Maces & Flails
 + Level 3.6 Throwing
 + Level 4.3 Dodging
 * Level 7.3 Stealth
 - Level 2.0 Unarmed Combat
 + Level 3.9 Spellcasting
 + Level 4.7 Translocations


You had 7 spell levels left.
You knew the following spells:

 Your Spells              Type           Power      Damage    Failure   Level
a - Blink                 Tloc           34%        N/A       4%          2
b - Lesser Beckoning      Tloc           34%        N/A       4%          2
c - Teleport Other        Tloc           17%        N/A       8%          3

Your spell library contained the following spells:

 Spells                   Type           Power      Damage    Failure   Level
 Portal Projectile        Hex/Tloc       20%        N/A       21%         3
 Vhi's Electric Charge    Tloc/Air       20%        N/A       21%         3
 Manifold Assault         Tloc           17%        N/A       26%         4
 Tukima's Dance           Hex            2%         N/A       50%         3
 Blade Hands              Tmut           1%         N/A       99%         5


Dungeon Overview and Level Annotations

Branches:
Dungeon (5/15)             Temple (1/1) D:4

Altars:
Ashenzari
Elyvilon
Fedhas
Gozag
Kikubaaqudgha
Makhleb
Nemelex Xobeh
Okawaru
Qazlal
Ru
Sif Muna
Trog
Vehumet
Wu Jian
Xom
Zin
The Shining One

Shops:
D:2 (


Innate Abilities, Weirdness & Mutations

You cannot wear most types of armour.
You are amphibious.
You can wear up to eight rings at the same time.
Your skin changes colour to match your surroundings (Stealth+).
Your rubbery body absorbs attacks. (AC +1, EV +1)
((You are camouflaged when in or above water. (Stealth+)))
You have tentacles for arms and can constrict up to eight enemies at once.


Message History

You are unaffected.
The sleepcap misses you.
You hit the sleepcap.
You destroy the sleepcap!
h - 7 scrolls labelled EDAKUMAU ZURCHI (gained 1)
You now have 280 gold pieces (gained 19).
y - a scroll labelled OVICIBB TEBLUJ You now have 294 gold pieces (gained 14).
You open the door.
Found a short sword.
There is an open door here.
A wight comes into view. It is wielding a +4 morningstar.
A wight comes into view.
It is wielding a +0 halberd and wearing a +0 robe of fire resistance. 2 wights come into view.
You closely miss the wight. Your grab misses the wight.
Your +10 mace "Wigiohen" {spect, rF++} hits the wight!
The wight hits you with a +4 morningstar!!
You closely miss the wight. Your grab misses the wight.
The wight is severely damaged.
Your +10 mace "Wigiohen" {spect, rF++} hits the wight!
You destroy the wight!
The wight barely misses you.
You see here a +0 short sword.
You hit the wight. You grab the wight. You squeeze the wight.
The wight is moderately damaged.
Your +10 mace "Wigiohen" {spect, rF++} hits the wight but does no damage.
You constrict the wight, but do no damage.
The wight misses you.
You thump the wight!
You destroy the wight!
The wight hits you with a +4 morningstar!
You feel drained. The wight closely misses you.
Your life force feels restored.
You hit the wight. You grab the wight.
The wight is lightly damaged.
Your +10 mace "Wigiohen" {spect, rF++} hits the wight.
You constrict the wight.
The wight hits you with a +4 long sword!
* * * LOW HITPOINT WARNING * * *
The wight hits you with a +4 morningstar!
You die...

#.# #.#
#...........# #.#
#.#
#######'#####+#
#.# #.# #....#...#
#.# #.# #.####...#
..# #.# #.# #...#
#####.###.# #...#
..........# #...#
........### #...#
#######.# #.(@# #
#.# #.zz# # #)#
#...# #######.###
#...#
..........####...#
#.##.........#...#
#.##.###..####...#
.#...# #..# #....
#.#### #..#


You could see 2 wights and a friendly +10 mace "Wigiohen" {spect, rF++}
(summoned).

Vanquished Creatures
  Pikel (D:4)
  A hornet (D:4)
  Grinder (D:3)
  2 ogres (D:5)
  A phantom (D:4)
  2 lemures
  A kobold brigand (D:5)
  2 wights (D:5)
  A jelly (D:5)
  2 hounds
  Crazy Yiuf (D:3)
  A sleepcap (D:5)
  Ijyb (D:4)
  2 iguanas (D:5)
  4 adders
  3 gnolls (D:4)
  An ufetubus (D:5)
  4 dart slugs
  12 orcs
  3 ball pythons
  7 bats
  4 endoplasms
  6 giant cockroaches
  3 goblins
  7 hobgoblins
  6 jackals
  10 quokkas
  4 frilled lizards
  15 kobolds
  3 rats
111 creatures vanquished.

Vanquished Creatures (others)
  10 plants (D:2)
10 creatures vanquished.

Grand Total: 121 creatures vanquished

Notes
Turn   | Place    | Note
-------+----------+-------------------------------------------
     0 | D:1      | BlueFish the Octopode Warper began the quest for the Orb.
     0 | D:1      | Reached XP level 1. HP: 14/14 MP: 3/3
    54 | D:1      | Reached skill level 1 in Stealth
    57 | D:1      | Reached XP level 2. HP: 19/19 MP: 5/5
   128 | D:1      | Reached skill level 2 in Stealth
   283 | D:1      | Reached XP level 3. HP: 24/24 MP: 6/6
   718 | D:2      | Identified the +10 mace "Wigiohen" {spect, rF++}
  1032 | D:2      | Reached XP level 4. HP: 30/30 MP: 7/7
  1035 | D:2      | Learned a level 2 spell: Blink
  1038 | D:2      | Learned a level 2 spell: Lesser Beckoning
  1047 | D:2      | Learned a level 3 spell: Teleport Other
  1346 | D:2      | Found Fyqezoy's Weapon Shoppe.
  1398 | D:3      | Found a faded altar of an unknown god.
  1518 | D:3      | Found a shimmering blue altar of Sif Muna.
  1519 | D:3      | Found a stormy altar of Qazlal.
  1552 | D:3      | Found a glowing golden altar of the Shining One.
  1613 | D:3      | Reached skill level 3 in Stealth
  1702 | D:3      | Found a runed translucent door.
  1703 | D:3      | Noticed Crazy Yiuf
  1710 | D:3      | Killed Crazy Yiuf
  1711 | D:3      | Reached skill level 1 in Maces & Flails
  1711 | D:3      | Reached XP level 5. HP: 35/35 MP: 8/8
  1762 | D:3      | Noticed Grinder
  1768 | D:3      | Killed Grinder
  1769 | D:3      | Reached skill level 4 in Stealth
  1769 | D:3      | Reached XP level 6. HP: 30/41 MP: 8/10
  1848 | D:4      | Noticed Pikel
  1931 | D:4      | Noticed Ijyb
  1938 | D:4      | Noticed a hornet
  1941 | D:4      | Killed Ijyb
  1946 | D:4      | Paralysed by a hornet for 1 turns
  1951 | D:4      | Killed a hornet
  1952 | D:4      | Reached skill level 5 in Stealth
  1952 | D:4      | Reached XP level 7. HP: 19/46 MP: 11/11
  2054 | D:4      | Found a glowing silver altar of Zin.
  2060 | D:4      | Found a bloodstained altar of Trog.
  2061 | D:4      | Found a sacrificial altar of Ru.
  2061 | D:4      | Found an opulent altar of Gozag.
  2234 | D:4      | Found a staircase to the Ecumenical Temple.
  2243 | Temple   | Entered the Ecumenical Temple
  2565 | D:4      | Killed Pikel
  2566 | D:4      | Reached skill level 6 in Stealth
  2566 | D:4      | Reached XP level 8. HP: 35/54 MP: 11/13
  2700 | D:4      | Found an ornate altar of the Wu Jian Council.
  2863 | D:5      | Entered Level 5 of the Dungeon
  3092 | D:5      | Reached skill level 7 in Stealth
  3380 | D:5      | Mangled by a wight

Illustrated notes

Levels and vault maps discovered:
D:1:      dpeg_arrival_rhombus, layout_loops_ring
D:2:      layout_loops_ring, serial_shops, nicolae_square_shop,
          serial_bayou_lagoon_a
D:3:      layout_rooms, lemuel_crystal_altar,
          chequers_temple_overflow_statue_of_worship,
          nicolae_ecumenical_pavilion, wander_ebering_terrifying_dragon_lair,
          uniq_grinder, uniq_crazy_yiuf_cottage
D:4:      layout_loops_ring, nicolae_wu_jian_immortal_techniques, minitemple,
          minmay_temple_entry_mist, uniq_pikel, uniq_ijyb
D:5:      layout_loops_ring, nrook_uturn
Temple:   hellmonk_temple_beads

Skill      XL: |  1  2  3  4  5  6  7  8 |
---------------+-------------------------+-----
Stealth        | 1 2 3 4 5 6 7 |  7.3
Maces & Flails | 1 2 3 4 |  4.6
Throwing       | 2 3 |  3.6
Dodging        | 3 4 |  4.3
Fighting       | 3 4 |  4.1
Spellcasting   | 3 |  3.9
Translocations | 4 |  4.7
Unarmed Combat | |  2.0

Action                     |  1- 3 |  4- 6 |  7- 9 || total
---------------------------+-------+-------+-------++-------
  Melee: Dagger            |    18 |       |       ||    18
         Constrict         |    19 |    12 |    17 ||    48
         Tentacles         |    15 |     7 |    13 ||    35
         Unarmed           |     3 |       |       ||     3
         Punch             |     1 |       |     2 ||     3
         Whip              |    37 |       |       ||    37
         Mace              |    20 |    51 |    65 ||   136
   Stab: Sleeping          |    14 |     8 |     9 ||    31
         Distracted        |       |       |     1 ||     1
 Armour: Skin              |     8 |     2 |       ||    10
  Dodge: Dodged            |    43 |    24 |    26 ||    93

Table legend: (Time is in decaauts)
 A = Elapsed time spent in this place.
 B = Non-inter-level travel time spent in this place.
 C = Inter-level travel time spent in this place.
 D = Time resting spent in this place.
 E = Time spent auto-exploring this place.
 F = Levels seen in this place.
 G = Mean time per level.
                   A        B        C        D        E       F      G
               +--------+--------+--------+--------+--------+-----+--------+
         Total |   3419 |   3248 |    171 |      6 |   2025 |   6 |  569.8 |
       Dungeon |   3254 |   3155 |     99 |      6 |   1941 |   5 |  650.8 |
        Temple |    165 |     93 |     72 |      0 |     84 |   1 |  165.0 |
               +--------+--------+--------+--------+--------+-----+--------+

Top non-repeatable levels by time:
     D:4: 849 daAuts
     D:1: 707 daAuts
     D:2: 704 daAuts
     D:5: 523 daAuts
     D:3: 468 daAuts
  Temple: 165 daAuts
